Map: 赛博森林-天梯版

Players

iAsonu

  • Race: Zerg Zerg

PtitDrogo - Winner!

  • Race: Protoss Protoss
  • League: Platinum

Event: WESG 2018 Grand Finals

VOD

Have the link to the VOD?

Description

Time

  • Played on: March 12, 2019, 7:44 a.m.
  • Length: 12:00

All games in this series

Show
View Real Time Build Order
Export as new Build Order

iAsonu Zerg 

Build Orders: Hatch First, Roach Hydra 

Get SALT Encoding   

  12  0:01  Drone  
  13  0:12  Overlord  
  13  0:17  Drone  
  14  0:32  Drone x2  
  16  0:41  Drone  
  17  0:53  Hatchery  
  17  0:55  Drone  
  17  0:58  Drone  
  18  1:08  Extractor  
  17  1:13  Spawning Pool  
  17  1:16  Drone  
  17  1:19  Drone  
  18  1:28  Drone  
  19  1:39  Drone  
  20  1:49  Hatchery  
  20  1:50  Drone  
  20  2:05  Queen  
  22  2:09  Queen  
  22  2:13  Drone  
  25  2:18  Overlord  
  25  2:21  Drone  
  26  2:24  Drone  
  27  2:30  Metabolic Boost  
  27  2:32  Drone  
  28  2:37  Zergling x4  
  30  2:45  Queen  
  30  2:49  Drone  
  33  2:57  Drone  
  35  2:58  Drone  
  35  3:01  Queen  
  35  3:04  Overlord  
  37  3:11  Drone x2  
  39  3:14  Drone  
  39  3:17  Drone  
  39  3:18  Drone  
  42  3:25  Overlord  
  42  3:26  Drone x2  
  44  3:30  Drone  
  44  3:33  Drone  
  45  3:34  Drone  
  45  3:40  Drone  
  47  3:41  Overlord  
  47  3:42  Overlord  
  47  3:43  Drone  
  47  3:46  Drone  
  49  3:49  Spore Crawler  
  49  3:52  Spore Crawler  
  49  3:53  Drone x2  
  49  4:01  Drone  
  50  4:05  Drone x2  
  52  4:10  Drone x3  
  52  4:12  Overlord  
  52  4:15  Drone  
  52  4:16  Overlord  
  56  4:19  Drone  
  56  4:20  Overlord  
  57  4:25  Drone  
  57  4:28  Roach Warren  
  57  4:30  Drone x5  
  62  4:33  Overlord  
  62  4:35  Lair  
  62  4:37  Drone x2  
  64  4:38  Drone  
  64  4:39  Drone  
  64  4:41  Drone x2  
  64  4:45  Drone x3  
  71  4:48  Extractor x2  
  71  4:50  Extractor  
  71  4:51  Zergling x4, Extractor  
  69  4:54  Overlord  
  69  4:56  Queen  
  71  5:07  Overlord  
  71  5:09  Roach x6  
  71  5:12  Overlord  
  83  5:15  Roach x2  
  83  5:21  Roach x3  
  93  5:22  Overlord  
  89  5:47  Drone  
  87  5:50  Glial Reconstitution  
  87  5:52  Hydralisk Den  
  87  5:53  Drone  
  87  5:55  Queen  
  89  5:57  Overseer  
  89  5:59  Evolution Chamber, Drone x2  
  90  6:05  Drone x2  
  90  6:07  Overlord  
  90  6:10  Overseer  
  92  6:14  Overlord  
  92  6:18  Drone x2, Extractor  
  93  6:19  Overlord  
  93  6:21  Queen  
  93  6:24  Grooved Spines  
  95  6:26  Zerg Missile Weapons Level 1  
  95  6:27  Hydralisk x2  
  99  6:40  Hydralisk x2  
  99  6:45  Hydralisk  
  99  6:46  Hydralisk x2  
  107  6:55  Hydralisk x5  
  117  7:07  Hydralisk x6  
  129  7:16  Hydralisk x3  
  135  7:24  Hydralisk x4  
  143  7:32  Overlord x2  
  143  7:34  Drone  
  143  7:35  Muscular Augments, Drone, Hydralisk x2  
  149  7:41  Hatchery  
  149  7:42  Drone x3, Hydralisk  
  153  7:50  Overlord x2  
  153  7:51  Hydralisk  
  153  7:52  Hydralisk x2  
  153  7:58  Hydralisk x3  
  161  8:18  Hydralisk x2  
  157  8:21  Zerg Missile Weapons Level 2, Pneumatized Carapace  
  154  8:28  Roach x3  
  154  8:30  Overlord  
  154  8:31  Drone x3  
  163  8:39  Hydralisk  
  163  8:40  Hydralisk x2  
  169  8:45  Hydralisk x3  
  175  8:49  Zergling x8  
  175  8:53  Queen  
  181  8:56  Roach x5  
  191  9:06  Roach x4  
  196  9:12  Roach x2  
  193  9:27  Roach  
  193  9:30  Roach x3  
  192  9:33  Roach  
  192  9:34  Roach x6  
  186  9:44  Hydralisk x7  
  184  9:58  Roach x5  
  156  10:10  Roach x7  
  156  10:11  Zergling x6  
  149  10:18  Roach x2  
  147  10:23  Zergling x2  
  147  10:24  Zergling x4  
  144  10:32  Roach x3  
  96  10:51  Zergling x6  
  59  11:22  Extractor  
Show
View Real Time Build Order
Export as new Build Order

PtitDrogo Protoss - Winner!

Build Orders: 1 Gate Expand, Oracle Opening, Archon Immortal, Archon Drop 

Get SALT Encoding   

  12  0:00  Probe  
  13  0:12  Probe  
  14  0:19  Pylon  
  14  0:25  Probe  
  15  0:33  Probe  
  15  0:40  Gateway  
  15  0:41  Probe  
  16  0:47  Assimilator  
  17  0:51  Probe  
  18  1:03  Probe  
  19  1:15  Probe  
  20  1:24  Nexus  
  20  1:34  Cybernetics Core  
  20  1:38  Probe  
  21  1:44  Assimilator  
  21  1:50  Probe  
  21  1:52  Pylon  
  22  2:01  Adept  
  22  2:02  Probe  
  23  2:14  Probe  
  26  2:17  Stargate  
  26  2:25  Warp Gate  
  26  2:26  Probe  
  27  2:32  Probe  
  27  2:34  Stalker, Probe  
  30  2:40  Probe  
  30  2:42  Probe  
  31  2:50  Probe  
  33  2:53  Probe, Oracle  
  35  3:02  Probe  
  39  3:07  Probe  
  40  3:13  Pylon  
  40  3:14  Probe  
  40  3:19  Probe  
  42  3:21  Robotics Facility  
  42  3:26  Probe  
  43  3:28  Assimilator  
  43  3:30  Assimilator  
  43  3:31  Probe  
  43  3:34  Gateway  
  44  3:39  Probe  
  45  3:43  Probe  
  45  3:47  Twilight Council  
  46  3:51  Probe  
  47  3:56  Probe  
  47  3:59  Gateway  
  47  4:00  Gateway  
  48  4:03  Warp Prism, Probe  
  48  4:08  Probe  
  50  4:15  Pylon, Probe  
  53  4:20  Probe  
  54  4:24  Templar Archives  
  54  4:33  Pylon  
  54  4:34  Zealot  
  54  4:36  Probe x2  
  58  4:39  Observer  
  59  4:48  Nexus  
  59  4:51  Pylon  
  60  4:52  Probe  
  60  4:54  Probe  
  61  5:03  High Templar x3  
  67  5:07  Archon  
  67  5:09  High Templar  
  67  5:11  Immortal  
  67  5:13  Probe x2  
  71  5:14  Archon  
  71  5:16  Forge  
  75  5:29  Probe x2  
  75  5:31  Protoss Ground Weapons Level 1, Gateway  
  75  5:33  Gateway  
  75  5:34  Charge  
  77  5:51  Probe  
  77  5:54  Immortal  
  78  5:57  Gateway  
  78  5:58  Gateway  
  78  6:00  Gateway  
  82  6:06  Probe x2  
  82  6:08  Probe  
  81  6:18  Pylon, Probe  
  81  6:19  Pylon, Probe  
  83  6:26  Sentry x2  
  83  6:27  Sentry, Immortal  
  83  6:32  Probe  
  90  6:33  Pylon  
  90  6:34  Pylon  
  90  6:39  Probe  
  95  6:41  Pylon  
  95  6:54  Zealot x7  
  97  6:58  Assimilator, Immortal  
  97  7:00  Protoss Ground Weapons Level 2, Probe, Assimilator  
  110  7:03  Pylon  
  110  7:06  Probe x2  
  115  7:17  High Templar x2  
  119  7:25  Archon  
  119  7:30  Photon Cannon  
  119  7:31  Shield Battery  
  119  7:36  Psionic Storm  
  119  7:37  Zealot x4  
  131  7:45  Observer  
  131  7:46  Probe  
  129  7:52  Probe  
  129  7:53  High Templar x2  
  129  7:57  Probe  
  135  8:00  Photon Cannon  
  135  8:01  Pylon, Shield Battery  
  135  8:03  High Templar  
  135  8:05  Zealot x2  
  140  8:17  Probe  
  141  8:23  High Templar x2  
  137  8:27  Photon Cannon, Probe  
  138  8:35  High Templar  
  138  8:39  Nexus, Zealot x4  
  138  8:40  Pylon  
  148  8:52  Probe  
  149  8:56  Probe  
  149  8:59  Immortal  
  150  9:05  High Templar  
  150  9:06  High Templar, Zealot  
  150  9:09  Pylon  
  152  9:10  Archon  
  152  9:11  Pylon  
  152  9:12  Pylon, Probe  
  152  9:15  Pylon x2  
  147  9:35  Zealot x7  
  155  9:41  Dark Shrine  
  155  9:51  Probe  
  137  9:57  Zealot x8  
  137  9:58  Zealot  
  136  10:07  Probe  
  136  10:11  Gateway  
  136  10:12  Probe  
  134  10:14  Gateway  
  134  10:16  Gateway  
  125  10:23  Zealot  
  125  10:24  Zealot x2  
  113  10:43  Archon  
  113  10:44  Archon, Probe  
  113  10:45  Zealot x3  
  106  10:50  Probe  
  106  10:51  Probe  
  106  10:54  Pylon  
  106  10:55  Pylon  
  101  11:06  Dark Templar  
  101  11:07  Dark Templar x2  
  94  11:26  Archon  
Tags
 
Add a new tag
Caveats
  • Supply blocks, unpowered buildings, or Contaminate may cause inaccurate times.
  • Supply counts are checked every 10 seconds.